 Dungeon Crawl Stone Soup version 0.21.1-1-g345015fe64 (webtiles) character file.

510 Loge the Ruffian (level 6, -4/62 HPs)
             Began as a Troll Monk on July 16, 2018.
             Slain by a slave (5 damage)
             ... led by Pikel
             ... on level 4 of the Dungeon.
             The game lasted 00:09:44 (3101 turns).

Loge the Ruffian (Troll Monk)                       Turns: 3101, Time: 00:09:45

Health: -4/62      AC:  5    Str: 20    XL:     6   Next: 98%
Magic:  5/5        EV: 10    Int:  6    God:
Gold:   146        SH:  0    Dex: 14    Spells: 5/5 levels left

rFire    . . .     SeeInvis .     - Unarmed
rCold    . . .     Gourm    +   (no shield)
rNeg     . . .     Faith    .   a - +0 robe
rPois    .         Spirit   .   (helmet restricted)
rElec    .         Reflect  .   (no cloak)
rCorr    .         Harm     .   (gloves unavailable)
MR       .....                  (boots unavailable)
Stlth    ++........             (no amulet)
HPRegen  0.60/turn              (no ring)
MPRegen  0.09/turn              (no ring)

@: no status effects
A: large, unfitting armour, claws 3, fast metabolism 3, gourmand, regeneration
1, shaggy fur 1, tough skin 2
a: no special abilities


You were on level 4 of the Dungeon.
You were completely stuffed.

You visited 1 branch of the dungeon, and saw 4 of its levels.

You collected 146 gold pieces.

Inventory:

Missiles
 f - 44 stones (quivered)
 i - 27 poisoned needles
Armour
 a - a +0 robe (worn)
Jewellery
 c - an uncursed amulet of faith {unknown}
 k - a +2 ring of protection {unknown}
Wands
 r - a wand of clouds (4)
Scrolls
 d - 4 scrolls of remove curse {unknown}
 e - 5 scrolls of identify {unknown}
 h - 2 scrolls of teleportation {unknown}
 o - a scroll of fog {unknown}
 s - a scroll of immolation {unknown}
Potions
 g - 3 potions of agility
 j - a potion of brilliance {unknown}
 m - 3 potions of haste {unknown}
 n - 2 potions of flight {unknown}
 p - a potion of resistance {unknown}
 q - 2 potions of curing {unknown}
Comestibles
 b - 7 rations
 l - 10 chunks of flesh


   Skills:
 + Level 4.2 Fighting
 - Level 2.4 Dodging
 - Level 1.0 Stealth
 * Level 6.7 Unarmed Combat


You had 5 spell levels left.
You didn't know any spells.

Dungeon Overview and Level Annotations

Branches:
Dungeon (4/15)
 Temple: D:4-7

Altars:
Dithmenos
Nemelex Xobeh
Zin

Shops:
D:4 [

Annotations:
D:4 Pikel


Innate Abilities, Weirdness & Mutations

You are too large for most types of armour.
You have claws for hands.
Your metabolism is lightning-fast.
You like to eat raw meat.
Your natural rate of healing is unusually fast.
You are covered in fur. (AC +1)
You have very tough skin. (AC +2)


Message History

Found a scroll labeled DYUWKUO XIFUONG.
Pikel hits you but does no damage.
You closely miss Pikel. Your claw misses Pikel.
Pikel is severely wounded.
Pikel hits you with a whip of freezing. Pikel freezes you.
You closely miss Pikel. You claw Pikel.
Pikel is severely wounded.
Pikel hits you with a whip of freezing!
* * * LOW HITPOINT WARNING * * *
Pikel freezes you.
* * * LOW HITPOINT WARNING * * *
Pikel says, "It's all about the gold, really."
An adder skeleton comes into view.
Pikel says, "I knew I should've brought a map."
Pikel hits you with a whip of freezing.
* * * LOW HITPOINT WARNING * * *
Pikel freezes you.
* * * LOW HITPOINT WARNING * * *
The slave hits you.
You die...

#+# #.# #.# #
##.## #.##...##
###.#.@K..#
........p.## ##
##.#.#.#p###...#
#..............
.Z...#.#p###.?.#
.......#.# ##
########l# #.#
#.#


You could see Pikel, 3 slaves, a frilled lizard and an adder skeleton.

Vanquished Creatures
  A slave (D:4)
  A vampire bat (D:3)
  A crimson imp (D:3)
  An orc priest (D:3)
  2 orc wizards
  Terence (D:3)
  An iguana (D:4)
  Ijyb (D:3)
  A worker ant (D:4)
  Robin (D:2)
  6 gnolls
  2 adders (D:3)
  4 oozes (D:3)
  3 dart slugs
  3 leopard geckos
  16 orcs
  4 giant cockroaches
  12 hobgoblins
  14 jackals
  7 kobolds
  2 quokkas (D:2)
  12 bats
  8 frilled lizards
  15 goblins
  7 rats
126 creatures vanquished.

Notes
Turn   | Place    | Note
-------+----------+-------------------------------------------
     0 | D:1      | Loge the Troll Monk began the quest for the Orb.
     0 | D:1      | Reached XP level 1. HP: 22/22 MP: 0/0
    83 | D:1      | Reached XP level 2. HP: 19/29 MP: 1/1
   435 | D:1      | Reached XP level 3. HP: 35/36 MP: 2/2
   845 | D:1      | HP: 1/36 [gnoll/whip (4)]
   918 | D:1      | Reached skill level 4 in Unarmed Combat
  1018 | D:2      | Found a glowing silver altar of Zin.
  1120 | D:2      | Reached XP level 4. HP: 40/45 MP: 3/3
  1160 | D:2      | Noticed Robin
  1170 | D:2      | Killed Robin
  1625 | D:3      | Reached skill level 5 in Unarmed Combat
  1625 | D:3      | Reached XP level 5. HP: 52/53 MP: 4/4
  1872 | D:3      | Reached XP level 6. HP: 59/62 MP: 5/5
  1934 | D:3      | Found a shadowy altar of Dithmenos.
  1996 | D:3      | Reached skill level 6 in Unarmed Combat
  2132 | D:3      | Found a sparkling altar of Nemelex Xobeh.
  2188 | D:3      | Noticed Ijyb
  2214 | D:3      | Killed Ijyb
  2312 | D:3      | Noticed Terence
  2320 | D:3      | Killed Terence
  3047 | D:4      | Found Jafy's Antique Armour Boutique.
  3052 | D:4      | Noticed Pikel
  3052 | D:4      | Noticed a slave
  3052 | D:4      | Noticed a slave
  3052 | D:4      | Noticed a slave
  3056 | D:4      | Noticed a slave
  3060 | D:4      | Killed a slave
  3101 | D:4      | HP: 2/62 [Pikel/whip of freezing (6)]
  3101 | D:4      | Slain by a slave

Skill      XL: |  1  2  3  4  5  6 |
---------------+-------------------+-----
Unarmed Combat | 4 5 6 |  6.7
Fighting       | 3 4 |  4.2
Dodging        | |  2.4
Stealth        | |  1.0

Action                   |  1- 3 |  4- 6 || total
-------------------------+-------+-------++-------
Melee: Unarmed           |    75 |   295 ||   370
       Punch             |     1 |     6 ||     7
 Stab: Sleeping          |     3 |     3 ||     6
  Eat: Chunk             |    13 |    21 ||    34
Armor: Robe              |    19 |   101 ||   120
Dodge: Dodged            |    43 |   175 ||   218
